 Dungeon Crawl Stone Soup version 0.28.0-49-g6dfe1f597d (webtiles) character file.

Game seed: 4216558363928996118

6358 Gabide the Cleaver (level 10, -1/70 HPs)
             Began as a Mummy Monk on May 17, 2022.
             Was a Priest of Kikubaaqudgha.
             Slain by a killer bee (6 damage)
             ... on level 10 of the Dungeon.
             The game lasted 00:26:38 (12417 turns).

Gabide the Cleaver (Mummy Monk)                    Turns: 12417, Time: 00:26:38

Health: -1/70      AC: 19    Str: 25    XL:     10   Next: 65%
Magic:  10/10      EV: 12    Int:  9    God:    Kikubaaqudgha [***...]
Gold:   334        SH:  0    Dex: 15    Spells: 9/9 levels left

rFire   x . .      SeeInvis .   i - +1 hand axe (vamp)
rCold   + . .      Faith    .   (no shield)
rNeg    + + +      Spirit   .   x - +4 plate armour
rPois   ∞          Reflect  .   (no helmet)
rElec   .          Harm     .   d - +0 cloak
rCorr   .          Rampage  .   b - +1 pair of gloves
Will    +....                   (no boots)
Stlth   ..........              (no amulet)
HPRegen 0.21/turn               c - +6 ring of strength
MPRegen 0.12/turn               a - +4 ring of evasion

@: no status effects
A: cold resistance 1, negative energy resistance 3, torment resistance 2, heat
vulnerability 1, no potions
a: Renounce Religion, Receive Corpses


You were on level 10 of the Dungeon.
You worshipped Kikubaaqudgha.
Kikubaaqudgha was most pleased with you.
You visited 2 branches of the dungeon, and saw 11 of its levels.
You also visited: Ossuary.

You collected 474 gold pieces.
You spent 140 gold pieces at shops.

Inventory:

Hand Weapons
 e - a +0 hand axe of venom
 f - a +2 war axe
 i - a +1 vampiric hand axe (weapon)
 n - the +6 short sword "Utoggai" {venom, Dex+5}
   (You found it on level 5 of the Dungeon)

   It poisons the flesh of those it strikes.
   Dex:       It affects your dexterity (+5).
Missiles
 g - 3 boomerangs (quivered)
Armour
 b - a +1 pair of gloves (worn)
 d - a +0 cloak (worn)
 j - +0 steam dragon scales
 o - the +3 robe of Vehumet {Fly rN+ Str+4 Dex+4}
   (You found it on level 6 of the Dungeon)

   Str:       It affects your strength (+4).
   Dex:       It affects your dexterity (+4).
   rN:        It protects you from negative energy.
   Fly:       It grants you flight.
 q - a +0 leather armour of fire resistance
 x - a +4 plate armour (worn)
Jewellery
 a - a +4 ring of evasion (right hand)
 c - a +6 ring of strength (left hand)
 h - a ring of see invisible
Wands
 u - a wand of polymorph (2)
 v - a wand of flame (10)
Scrolls
 k - 3 scrolls of noise
 l - a scroll of vulnerability
 m - 2 scrolls of immolation
 p - 2 scrolls of magic mapping
 r - a scroll of identify
 A - a scroll of holy word


   Skills:
 - Level 3.0 Fighting
 * Level 12.1 Axes
 - Level 5.0 Armour
 - Level 2.4 Dodging
 - Level 5.0 Stealth


You had 9 spell levels left.
You didn't know any spells.
Your spell library contained the following spells:

 Spells                   Type           Power      Damage    Failure   Level
 Animate Skeleton         Necr           0%         N/A       99%         1
 Pain                     Necr           0%         1d4       99%         1
 Summon Small Mammal      Summ           0%         N/A       99%         1
 Corpse Rot               Necr/Air       0%         N/A       100%        2
 Call Canine Familiar     Summ           0%         N/A       100%        3
 Portal Projectile        Hex/Tloc       0%         N/A       100%        3
 Summon Guardian Golem    Hex/Summ       0%         N/A       100%        3
 Anguish                  Hex/Necr       0%         N/A       100%        4
 Animate Dead             Necr           0%         N/A       100%        4
 Dispel Undead            Necr           0%         3d6       100%        4
 Leda's Liquefaction      Hex/Erth       0%         N/A       100%        4
 Agony                    Necr           0%         N/A       100%        5
 Excruciating Wounds      Necr           0%         N/A       100%        5
 Death Channel            Necr           0%         N/A       100%        6


Dungeon Overview and Level Annotations

Branches:
Dungeon (10/15)            Temple (1/1) D:7            Lair (0/6) D:9
    Orc (0/2) D:9         Ossuary (visited)

Altars:
Ashenzari
Cheibriados
Dithmenos
Elyvilon
Fedhas
Gozag
Hepliaklqana
Kikubaaqudgha
Makhleb
Nemelex Xobeh
Okawaru
Qazlal
Ru
Sif Muna
Trog
Uskayaw
Vehumet
Wu Jian
Xom
Yredelemnul
Zin
The Shining One
Beogh

Shops:
D:3 (   D:6 *   D:7 (

Annotations:
D:5 1 runed translucent door, hitsuchi's ghost, amateur DgCj
D:6 exclusion: statue
D:10 Harold


Innate Abilities, Weirdness & Mutations

You are immune to poison.
Your flesh is cold resistant. (rC+)
You are immune to negative energy. (rN+++)
You are immune to unholy pain and torment.
You are vulnerable to heat. (rF-)
You do not drink.


Message History

Kikubaaqudgha accepts your kill.
Aiming: Throw Flame
Press: ? - help, Shift-Dir - straight line, f - killer bee
Aim: a killer bee (39% to hit)
The puff of flame hits the killer bee.
The killer bee is moderately wounded.
You closely miss the killer bee.
The killer bee is moderately wounded.
The killer bee barely misses you.
The killer bee stings you but does no damage. x2
You miss the killer bee.
The killer bee is moderately wounded.
You closely miss the killer bee.
The killer bee stings you but does no damage.
The killer bee misses you. The killer bee stings you.
* * * LOW HITPOINT WARNING * * *
The killer bee stings you.
* * * LOW HITPOINT WARNING * * *
The killer bee barely misses you. x2
The vampire mosquito bites you but does no damage.
Blink to where?
Press: ? - help, Dir - move target, p - killer bee
As you read the scroll of blinking, it crumbles to dust.
There is an open door here.
Things that are here:
a killer bee corpse; a killer bee corpse; a howler monkey corpse The killer bee stings you but does no damage.
The killer bee closely misses you. The killer bee barely misses you.
The killer bee stings you.
* * * LOW HITPOINT WARNING * * *
The killer bee closely misses you. The killer bee barely misses you.
The killer bee barely misses you. The killer bee misses you.
The killer bee stings you.
* * * LOW HITPOINT WARNING * * *
The killer bee barely misses you. The killer bee stings you.
You die...
Kikubaaqudgha rasps: "You have failed me!
Welcome... oblivion!"

*,,,#....#.....)........#,,,,,,**
+,,,#....#.##########...#,,,,,,*
*,,,#....#.'..^.....'.###,,,,,,*
#####....#.'........#.#,,,,,,,,*
.........#.#........#.#,,,,,,,,*
.......††yy#........#.#,,,,,,,,*
#######'##.#........#.#,,,,,,,,*
#......y.#.##########.#,,,,,,,,**
#......y.#...yyy@÷.>..#,,,,,,,,,,
#......).#.....y.÷....#,,,,,,,,,,
#........#.........####,,,,,,,,,,
#........#.........#,,,,,,,,,,,,,
#........#.........#,,,,,********
#........#.........#,,,,,*,,,,,,,
#......§.#.........#,,,,,*,,,,,,,
##'#######.........#,,,,,*,,,,,,,
,..,,,,,,,,,,,,,,,,*,,,,,+,,,,,,,


You could see 2 vampire mosquitoes and 2 killer bees.

Vanquished Creatures
  A two-headed ogre (D:10)
  Maggie (D:6)
  2 hornets (D:9)
  2 wyverns
  7 yaks
  A wraith (D:9)
  A steam dragon (D:9)
  2 vampire mosquitoes (D:10)
  A water moccasin (D:5)
  An ice beast (D:5)
  A necrophage (D:5)
  2 orc warriors
  A black bear (D:7)
  An ogre (D:6)
  A sky beast (D:7)
  2 centaurs (D:9)
  A bullfrog (D:7)
  2 kobold brigands
  A scorpion (D:8)
  A wyvern zombie (D:6)
  4 water moccasin zombies (Ossuary)
  A wyvern skeleton (D:5)
  3 wights (D:9)
  13 killer bees
  3 howler monkeys
  4 bullfrog zombies
  A centaur zombie (D:5)
  A bullfrog skeleton (D:5)
  2 jellies
  5 orc priests
  A centaur skeleton (D:4)
  5 hounds
  An iguana (D:4)
  Natasha (thrice) (D:3)
  2 orc wizards (D:7)
  A killer bee zombie (D:6)
  2 mummies (Ossuary)
  8 adders
  6 adder zombies (Ossuary)
  2 worms (D:2)
  A dart slug (D:4)
  41 orcs
  7 bats
  6 endoplasms
  2 giant cockroaches (D:2)
  2 gnoll zombies (Ossuary)
  7 goblins
  3 hobgoblins
  3 jackals (D:4)
  7 ball pythons
  3 frilled lizards
  3 hobgoblin zombies (Ossuary)
  9 kobolds
  8 kobold zombies (Ossuary)
  5 orc zombies (Ossuary)
  2 rats (D:1)
209 creatures vanquished.

Vanquished Creatures (others)
  A bat (D:9)
1 creature vanquished.

Grand Total: 210 creatures vanquished

Notes
Turn   | Place    | Note
-------+----------+-------------------------------------------
     0 | D:1      | Gabide the Mummy Monk began the quest for the Orb.
     0 | D:1      | Reached XP level 1. HP: 18/18 MP: 1/1
   431 | D:1      | Reached XP level 2. HP: 24/24 MP: 2/2
   487 | D:1      | Reached skill level 1 in Armour
  1139 | D:2      | Reached XP level 3. HP: 20/29 MP: 3/3
  2094 | D:3      | Reached XP level 4. HP: 30/35 MP: 4/4
  2193 | D:3      | Found Unoun's Weapon Shoppe.
  2207 | D:3      | Bought a +0 war axe for 49 gold pieces
  2212 | D:3      | Noticed Natasha
  2222 | D:3      | HP: 1/35 [Natasha (2)]
  2226 | D:3      | Killed Natasha
  2227 | D:3      | Reached skill level 3 in Axes
  2656 | D:3      | Noticed Natasha
  2662 | D:3      | Killed Natasha
  2720 | D:3      | Noticed Natasha
  2723 | D:3      | Reached XP level 5. HP: 40/41 MP: 5/5
  2730 | D:3      | Killed Natasha
  3132 | D:4      | Reached XP level 6. HP: 22/47 MP: 6/6
  4318 | D:5      | Entered Level 5 of the Dungeon
  4324 | D:5      | Found a runed translucent door.
  4324 | D:5      | Noticed hitsuchi's ghost (amateur DgCj)
  4325 | D:5      | Identified the +6 short sword "Utoggai" {venom, Dex+5}
  4365 | D:5      | Noticed an ice beast
  4377 | D:5      | Killed an ice beast
  4378 | D:5      | Reached skill level 4 in Axes
  4486 | D:5      | Reached XP level 7. HP: 41/52 MP: 7/7
  4612 | D:5      | Found a sand-covered staircase.
  4619 | Ossuary  | Entered an ossuary
  5048 | Ossuary  | Reached skill level 5 in Axes
  5457 | D:5      | Reached XP level 8. HP: 58/58 MP: 8/8
  6092 | D:6      | Noticed Maggie
  6347 | D:6      | Found a radiant altar of Vehumet.
  6806 | D:6      | Identified the +3 robe of Vehumet {Fly rN+ Str+4 Dex+4}
  6896 | D:6      | Killed Maggie
  6897 | D:6      | Reached skill level 6 in Axes
  6897 | D:6      | Reached skill level 5 in Armour
  6897 | D:6      | Reached skill level 5 in Stealth
  7204 | D:6      | Reached skill level 7 in Axes
  7375 | D:6      | Found Nergha's Gadget Gallery.
  7380 | D:6      | Bought a wand of polymorph (5) for 91 gold pieces
  7384 | D:6      | Found a shadowy altar of Dithmenos.
  7867 | D:7      | Reached XP level 9. HP: 63/63 MP: 9/9
  8221 | D:7      | Found Peaph's Antique Weapon Shop.
  8281 | D:7      | Found a staircase to the Ecumenical Temple.
  8342 | Temple   | Entered the Ecumenical Temple
  8422 | Temple   | Became a worshipper of Kikubaaqudgha
  8422 | Temple   | Reached * piety under Kikubaaqudgha
  8422 | Temple   | Received a gift from Kikubaaqudgha
  8422 | Temple   | Reached ** piety under Kikubaaqudgha
  8575 | D:7      | Reached skill level 8 in Axes
  8674 | D:8      | Found a shimmering blue altar of Sif Muna.
  8674 | D:8      | Found a shimmering altar of Xom.
  8980 | D:8      | Identified the +1 robe "Zac Itif" {Str+3 Int+3}
  9181 | D:8      | Noticed a kobold demonologist
  9183 | D:8      | a kobold demonologist changed into a scorpion
  9419 | D:8      | Reached skill level 9 in Axes
 10000 | D:9      | Found a staircase to the Lair.
 10436 | D:9      | Reached skill level 10 in Axes
 10853 | D:9      | Reached XP level 10. HP: 65/70 MP: 10/10
 10941 | D:9      | Found a staircase to the Orcish Mines.
 11003 | D:9      | Reached *** piety under Kikubaaqudgha
 11003 | D:9      | Received a gift from Kikubaaqudgha
 11588 | D:10     | Entered Level 10 of the Dungeon
 11594 | D:10     | Noticed Harold
 11732 | D:9      | Reached skill level 11 in Axes
 12323 | D:10     | Noticed a two-headed ogre
 12333 | D:10     | Killed a two-headed ogre
 12388 | D:10     | Reached skill level 12 in Axes
 12417 | D:10     | Slain by a killer bee

Illustrated notes

Levels and vault maps discovered:
D:1:      beargit_arrival_greenhouse, layout_basic, nicolae_figureground_pulse
D:2:      layout_loops_ring, wander_ebering_terrifying_dragon_lair
D:3:      layout_rooms, serial_shops, nicolae_shop_bloodbath_and_beyond,
          uniq_natasha
D:4:      layout_basic
D:5:      nicolae_cairo_tiling, layout_loops_ring, ebering_ghost_inner_flame,
          nicolae_ossuary_entry_monument
D:6:      layout_basic, vehumet_statue, grunt_dithmenos_smoke,
          nicolae_shop_gadgets, uniq_maggie
D:7:      layout_rooms, minmay_temple_entry_overgrown, serial_shops, shop,
          chequers_serial_rivers_micro_b, st_stairs_14,
          wad_floor_pattern_untrapped
D:8:      layout_loops_cross, mainiacjoe_overflow_alcove_3
D:9:      layout_roguey [special_room_orc], lair_entry_dummy, orc_0_dummy
D:10:     layout_irregular_city, minivault_25, uniq_snorg, uniq_harold,
          uniq_urug
Temple:   eino_temple_scatter_basement

Skill      XL: |  1  2  3  4  5  6  7  8  9 10 |
---------------+-------------------------------+-----
Armour         | 1 2 3 4 5 |  5.0
Stealth        | 2 3 4 5 |  5.0
Axes           | 3 4 5 7 10 12 | 12.1
Fighting       | |  3.0
Dodging        | |  2.4

Action                   |  1- 3 |  4- 6 |  7- 9 | 10-12 || total
-------------------------+-------+-------+-------+-------++-------
Melee: Hand axe          |    95 |    82 |       |    19 ||   196
       Punch             |     4 |     2 |     3 |     2 ||    11
       War axe           |       |    13 |   325 |   136 ||   474
       Short sword       |       |    28 |    62 |       ||    90
Throw: Boomerang         |    16 |    26 |    13 |     6 ||    61
Evoke: Wand              |       |       |    16 |     9 ||    25
  Use: Scroll            |     1 |     6 |    11 |     3 ||    21
 Stab: Sleeping          |     3 |     1 |     7 |       ||    11
Armor: Ring mail         |    43 |    39 |   102 |       ||   184
       Robe              |       |       |    22 |       ||    22
       Chain mail        |       |       |    19 |       ||    19
       Plate armour      |       |       |   114 |   110 ||   224
Dodge: Dodged            |    66 |    81 |   258 |   155 ||   560
